 Dungeon Crawl Stone Soup version 0.30.1-4-g462c640d31 (webtiles) character file.

Game seed: 17728088480280207863

3909 Wiggles the Cleaver (level 10, -1/88 HPs)
             Began as a Minotaur Berserker on Aug 11, 2023.
             Was a High Priest of Trog.
             Slain by an orc warrior
             ... wielding a +0 glaive
              (3 damage)
             ... in a bailey.
             The game lasted 00:12:20 (5962 turns).

Wiggles the Cleaver (Minotaur Berserker)            Turns: 5962, Time: 00:12:21

Health: -1/88      AC: 15    Str: 27    XL:     10   Next: 1%
Magic:  9/9        EV: 15    Int:  4    God:    Trog [*****.]
Gold:   268        SH:  0    Dex:  9    Spells: 9/9 levels left

rFire   . . .        x - +3 hand axe (drain)
rCold   . . .        (no shield)
rNeg    . . .        z - +1 chain mail {rPois}
rPois   +            (helmet restricted)
rElec   .            k - +0 cloak
rCorr   .            (no gloves)
SInv    .            r - +0 pair of boots
Will    .....        (no amulet) Stlth
                     g - +5 ring of evasion
HPRegen 0.34/turn    (no ring)
MPRegen 0.11/turn

%: no passive effects
@: on berserk cooldown, slowed, very slow
A: horns 2, retaliatory headbutt
a: Renounce Religion, Berserk, Trog's Hand, Brothers in Arms


You were in a bailey.
You worshipped Trog.
Trog was extremely pleased with you.
You visited 1 branch of the dungeon, and saw 8 of its levels.
You also visited: Bailey.

You collected 403 gold pieces.
You spent 135 gold pieces at shops.

Inventory:

Hand Weapons
 x - a +3 hand axe of draining (weapon)
Armour
 k - a +0 cloak (worn)
 r - a +0 pair of boots (worn)
 s - a +1 chain mail of cold resistance
 z - a +1 chain mail of poison resistance (worn)
Jewellery
 g - a +5 ring of evasion (left hand)
Scrolls
 j - 6 scrolls of teleportation
 p - a scroll of blinking
 v - a scroll of poison
Potions
 b - 2 potions of cancellation
 f - 2 potions of lignification
 i - 3 potions of mutation
 l - a potion of brilliance
 n - a potion of heal wounds
 o - a potion of degeneration
 q - 3 potions of might
 u - a potion of haste
 w - a potion of invisibility
 C - a potion of flight
 D - a potion of curing


   Skills:
 + Level 7.9 Fighting
 + Level 11.7 Axes
 + Level 9.3 Armour
 + Level 5.3 Dodging
 + Level 1.7 Stealth
 + Level 1.2 Evocations


You had 9 spell levels left.
You didn't know any spells.
Your spell library was empty.

Dungeon Overview and Level Annotations

Branches:
Dungeon (8/15)             Temple (0/1) D:6          Bailey (1/1)
   Lair: D:8-11

Altars:
Fedhas
Hepliaklqana
Kikubaaqudgha

Shops:
D:7 [


Innate Abilities, Weirdness & Mutations

You have a pair of horns on your head.
You reflexively headbutt those who attack you in melee.


Message History

The orc warrior hits you from afar with a +0 glaive!
The orc warrior misses you.
The orc warrior hits you but does no damage.
Items here: ( ) [ †.
The orc warrior hits you from afar with a +0 glaive!
Why would you want to do that? The orc warrior closely misses you.
The orc warrior barely misses you.
Items here: ( ) [ †.
The orc warrior hits you from afar with a +0 glaive.
The orc warrior misses you. The orc warrior closely misses you.
The orc warrior hits you with a +0 glaive!!
The orc warrior misses you. The orc warrior barely misses you.
You barely miss the orc warrior. Your headbutt misses the orc warrior.
The orc warrior hits you with a +0 glaive!
* * * LOW HITPOINT WARNING * * *
You barely miss the orc warrior. The orc warrior misses you.
You furiously retaliate!
You headbutt the orc warrior. You closely miss the orc warrior.
The orc warrior is moderately wounded.
The orc warrior barely misses you. You furiously retaliate!
You headbutt the orc warrior, but do no damage.
You closely miss the orc warrior.
The orc warrior is moderately wounded.
The orc warrior misses you.
You closely miss the orc warrior.
The orc warrior is moderately wounded.
The orc warrior hits you with a +0 glaive!
* * * LOW HITPOINT WARNING * * *
You hit the orc warrior but do no damage.
You headbutt the orc warrior!
The orc warrior is severely wounded.
The orc warrior closely misses you. You furiously retaliate!
You headbutt the orc warrior!
The orc warrior hits you with a +0 glaive.
* * * LOW HITPOINT WARNING * * *
You hit the orc warrior but do no damage.
You drain the orc warrior.
The orc warrior is almost dead.
The orc warrior hits you with a +0 glaive.
You die...

#≈≈≈≈≈..≈≈≈.....≈≈≈..≈
#≈≈≈≈.≈≈≈.........≈≈≈.
#≈≈≈≈.≈.............≈.
#≈≈≈.≈≈.⌠.........⌠.≈≈
#≈≈≈.≈...............≈
#≈≈.≈≈....≈≈≈≈≈≈≈....≈
#≈≈)≈.))≈≈≈~~~~~≈≈≈...
#≈≈.≈o.≈≈~~≈≈≈≈≈~≈≈≈..
#≈≈..@.~~≈≈≈!:)~~≈≈≈..
#≈≈.≈.)≈≈~~≈≈≈≈≈~≈≈≈..
#≈≈.≈.).≈≈≈~~~~~≈≈≈...
#≈≈.≈≈....≈≈≈≈≈≈≈....≈
#≈≈≈.≈.........).....≈
#≈≈≈.≈≈.⌠.........⌠.≈≈
#≈≈≈≈.≈.............≈.
#≈≈≈≈.≈≈≈.........≈≈≈.
#≈≈≈≈≈.c≈≈≈.....≈≈≈..≈


You could see an orc warrior (drained).

Vanquished Creatures
  Grinder (D:3)
  A wyvern (D:8)
  2 water moccasins
  3 ice beasts
  9 orc warriors
  3 ogres
  A sky beast (D:7)
  3 black bears
  6 centaurs
  A phantom (D:6)
  A kobold brigand (D:4)
  4 bullfrogs
  A scorpion (D:5)
  A howler monkey (D:8)
  A hound (D:5)
  A jelly (D:6)
  2 orc priests
  5 sleepcaps
  Terence (D:3)
  2 iguanas
  2 orc wizards
  Robin (D:2)
  4 gnolls
  9 adders
  A shadow imp (D:5)
  2 white imps
  An ufetubus (D:6)
  4 worms
  2 dart slugs (D:1)
  36 orcs
  8 endoplasms
  6 giant cockroaches
  17 goblins
  10 hobgoblins
  6 quokkas
  4 ball pythons
  5 bats
  7 frilled lizards (D:1)
  10 kobolds
  4 rats
188 creatures vanquished.

Vanquished Creatures (others)
  An orc warrior (Bailey)
  An orc (Bailey)
2 creatures vanquished.

Grand Total: 190 creatures vanquished

Notes
Turn   | Place    | Note
-------+----------+-------------------------------------------
     0 | D:1      | Wiggles the Minotaur Berserker began the quest for the Orb.
     0 | D:1      | Reached XP level 1. HP: 19/19 MP: 0/0
   157 | D:1      | Reached XP level 2. HP: 24/27 MP: 1/1
   160 | D:1      | Reached skill level 4 in Axes
   459 | D:1      | Reached XP level 3. HP: 33/33 MP: 2/2
   802 | D:2      | Reached ** piety under Trog
  1347 | D:2      | Noticed Robin
  1350 | D:2      | Killed Robin
  1351 | D:2      | Reached XP level 4. HP: 41/41 MP: 3/3
  1679 | D:3      | Found a blossoming altar of Fedhas.
  1850 | D:3      | Noticed Grinder
  1859 | D:3      | Killed Grinder
  1860 | D:3      | Reached skill level 5 in Fighting
  1860 | D:3      | Reached skill level 5 in Axes
  1860 | D:3      | Reached XP level 5. HP: 45/48 MP: 4/4
  1860 | D:3      | Reached XP level 6. HP: 53/56 MP: 5/5
  1938 | D:3      | Noticed Terence
  1946 | D:3      | Killed Terence
  2228 | D:4      | Reached skill level 6 in Axes
  2301 | D:4      | Found a hazy altar of Hepliaklqana.
  2329 | D:4      | Reached *** piety under Trog
  2336 | D:4      | Reached XP level 7. HP: 61/62 MP: 6/6
  2723 | D:5      | Entered Level 5 of the Dungeon
  2736 | D:5      | Reached skill level 7 in Axes
  2777 | D:5      | Reached skill level 5 in Armour
  2869 | D:5      | Reached skill level 1 in Stealth
  3145 | D:5      | Reached XP level 8. HP: 65/70 MP: 7/7
  3148 | D:5      | Reached skill level 8 in Axes
  3618 | D:6      | Found a staircase to the Ecumenical Temple.
  3637 | D:6      | Reached **** piety under Trog
  3901 | D:6      | Reached skill level 9 in Axes
  4102 | D:7      | Found Qup Olem's Armour Shoppe.
  4105 | D:7      | Bought a +1 chain mail of poison resistance for 135 gold
                  | pieces
  4485 | D:7      | Reached XP level 9. HP: 78/79 MP: 8/8
  4711 | D:7      | Found an ancient bone altar of Kikubaaqudgha.
  4722 | D:7      | Reached skill level 10 in Axes
  5078 | D:8      | Reached skill level 5 in Dodging
  5214 | D:8      | Found a flagged portal.
  5233 | Bailey   | Entered a bailey
  5412 | Bailey   | Reached skill level 11 in Axes
  5484 | Bailey   | Reached ***** piety under Trog
  5722 | Bailey   | Reached skill level 1 in Evocations
  5938 | Bailey   | Reached XP level 10. HP: 88/88 MP: 9/9
  5961 | Bailey   | HP: 2/88 [orc warrior/+0 glaive (6)]
  5962 | Bailey   | Slain by an orc warrior

Illustrated notes

Levels and vault maps discovered:
D:1:      dpeg_arrival_fog, layout_loops_ring, minmay_lizard_pond
D:2:      layout_basic, uniq_robin
D:3:      layout_basic, mainiacjoe_overflow_brackets, uniq_terence, uniq_grinder
D:4:      layout_basic, mainiacjoe_overflow_boulevard, st_stairs_5
D:5:      layout_basic, minivault_27, hex_intersection, minmay_manual_maat
D:6:      layout_rooms, minmay_temple_entry_crystal_x
D:7:      layout_loops_ring, kiku_gazebo_garden_becter, serial_shops,
          kennysheep_mini
D:8:      layout_gridville, mainiacjoe_overflow_divided_tiny,
          david_lair_generic, enter_bailey_5, uniq_erica
Bailey:   bailey_polearm_flooded_kennysheep, bailey

Skill      XL: |  1  2  3  4  5  6  7  8  9 |
---------------+----------------------------+-----
Axes           | 4 5 6 7 9 11 | 11.7
Fighting       | 4 5 6 7 |  7.9
Armour         | 3 4 5 7 9 |  9.3
Dodging        | 3 4 5 |  5.3
Stealth        | 1 |  1.7
Evocations     | 1 |  1.2

Action                     |  1- 3 |  4- 6 |  7- 9 | 10-12 || total
---------------------------+-------+-------+-------+-------++-------
  Melee: Hand axe          |    99 |    81 |   269 |     9 ||   458
         Headbutt          |    12 |    13 |    48 |     3 ||    76
         Punch             |       |     1 |     5 |       ||     6
 Invoke: Berserk           |     1 |     3 |     2 |       ||     6
  Evoke: Wand              |       |       |    12 |       ||    12
    Use: Scroll            |       |       |    21 |       ||    21
         Potion            |       |       |     2 |       ||     2
   Stab: Invisible         |       |       |     2 |       ||     2
 Armour: Animal skin       |     6 |       |       |       ||     6
         Leather armour    |    11 |    11 |       |       ||    22
         Chain mail        |       |    13 |   116 |     7 ||   136
  Dodge: Dodged            |    58 |    63 |   273 |    20 ||   414
